 Dungeon Crawl Stone Soup version 0.30-b1-2-g02819fbbbe (webtiles) character file.

Game seed: 15004474590785624416

27 bruhbruhbruh the Trooper (level 2, -3/27 HPs)
             Began as a Draconian Berserker on May 15, 2023.
             Was a Follower of Trog.
             Succumbed to an orc's poison
             ... on level 4 of the Dungeon.
             The game lasted 00:06:33 (722 turns).

bruhbruhbruh the Trooper (Draconian Berserker)       Turns: 722, Time: 00:06:34

Health: -3/27      AC:  4    Str: 19    XL:     2   Next: 93%
Magic:  2/2        EV: 12    Int:  7    God:    Trog [*.....]
Gold:   24         SH:  0    Dex: 10    Spells: 1/1 levels left

rFire   . . .        e - +1 short sword (protect)
rCold   . . .        (no shield)
rNeg    . . .        (body armour unavailable)
rPois   .            (helmet restricted)
rElec   .            (no cloak)
rCorr   .            (no gloves)
SInv    .            (no boots)
Will    ++...        d - amulet of faith
Stlth   +            (no ring)
HPRegen 1.24/turn    (no ring)
MPRegen 0.08/turn

%: faith
@: lethally poisoned (-3 -> -18), strong-willed, regenerating
A: AC +4, unfitting armour, cold-blooded
a: Renounce Religion, Berserk


You were on level 4 of the Dungeon.
You worshipped Trog.
Trog was aware of your devotion.
You visited 1 branch of the dungeon, and saw 4 of its levels.

You collected 24 gold pieces.

Inventory:

Hand Weapons
 a - a +0 mace
 e - a +1 short sword of protection (weapon)
Jewellery
 d - an amulet of faith (around neck)
Scrolls
 c - a scroll of identify {unknown}
Potions
 b - a potion of haste {unknown}


   Skills:
 + Level 3.7 Fighting
 + Level 3.5 Maces & Flails
 + Level 3.0 Dodging


You had one spell level left.
You didn't know any spells.
Your spell library was empty.

Dungeon Overview and Level Annotations

Branches:
Dungeon (4/15)
 Temple: D:4-7

Altars:


Innate Abilities, Weirdness & Mutations

Your plain brown scales are hard. (AC +4)
You cannot fit into any form of body armour.
You are cold-blooded and may be slowed by cold attacks.


Message History

You are poisoned.
You feel very sick.
The orc shouts! x3
The orc throws a stone.
The stone closely misses you.
An orc priest comes into view. It is wielding a +0 trident.
You feel very sick. The orc barely misses you.
You hit the orc but do no damage.
Your weapon exudes an aura of protection.
You feel sick.
A worm comes into view.
The orc closely misses you.
You hit the orc.
The orc is moderately wounded.
You feel sick. The orc hits you but does no damage. The orc barely misses you.
You hit the orc. You tail-slap the orc.
The orc is almost dead.
You feel sick. The orc closely misses you. The orc hits you but does no damage.
You feel sick. The orc hits you but does no damage.
You are lethally poisoned!
The orc closely misses you. The orc priest misses you.
The orc barely misses you. x2
* * * LOW HITPOINT WARNING * * *
You feel very sick.
The orc hits you with a +1 trident of venom.
* * * LOW HITPOINT WARNING * * *
You are more poisoned.
The orc closely misses you. The orc hits you but does no damage.
The orc priest hits you but does no damage.
The orc attacks as you move away! The orc hits you but does no damage.
* * * LOW HITPOINT WARNING * * *
You feel very sick. The orc hits you but does no damage.
You are more poisoned.
The orc priest calls upon Beogh to heal the orc.
The orc is healed somewhat.
Your skin crawls.
You feel strong-willed.
You can no longer call upon Trog for regeneration and willpower.
You die...

#.. ##..###### ..........
......... ....w....
#.....# #######
###.....###.....#...##
......ooo.#.....#....
........o@#.....#...######
........o.#.....#...##....
..........'.....#...#.....
###..######.....#...##....
#.. ......#'###...##....
... ......#.......'.....
... #......'.......##....
#......#.......######
#......#........#


You could see a worm, an orc priest and 4 orcs.

Vanquished Creatures
  A dart slug (D:1)
  3 ball pythons
  2 bats (D:1)
  2 endoplasms
  3 goblins
  2 hobgoblins (D:1)
  2 kobolds
  A quokka (D:1)
  A frilled lizard (D:1)
  5 rats
22 creatures vanquished.

Notes
Turn   | Place    | Note
-------+----------+-------------------------------------------
     0 | D:1      | bruhbruhbruh the Draconian Berserker began the quest for
                  | the Orb.
     0 | D:1      | Reached XP level 1. HP: 19/19 MP: 1/1
   309 | D:1      | Reached XP level 2. HP: 23/26 MP: 2/2
   496 | D:1      | You fall into a shaft and drop 1 floor!
   666 | D:4      | Reached ** piety under Trog
   722 | D:4      | Succumbed to an orc's poison

Illustrated notes

Levels and vault maps discovered:
D:1:      lemuel_arrival_tunnels, layout_basic, st_stairs_9,
          minmay_fountain_box, nicolae_figureground_sparkle
D:2:      layout_basic
D:3:      layout_basic, amcnicky_mini_rare_corridor_liquid
D:4:      layout_gridville, enter_ossuary_4

Skill      XL: |  1  2 |
---------------+-------+-----
Dodging        | 3 |  3.0
Fighting       | |  3.7
Maces & Flails | |  3.5

Action                     || total
---------------------------++-------
  Melee: Mace              ||    48
         Punch             ||     1
         Short sword       ||    21
         Tailslap          ||     2
 Invoke: Trog's Hand       ||     1
    Use: Potion            ||     1
   Stab: Sleeping          ||     1
 Armour: Skin              ||    24
  Dodge: Dodged            ||    44
